 Dungeon Sprint DCSS version 0.31-a0-596-g831eee08f1 (webtiles) character file.

Game seed: 7095246361755058625

569 sircluck the Cleaver (level 7, 0/69 (71) HPs)
             Began as a Hill Orc Fighter on Aug 20, 2023.
             Was a High Priest of Uskayaw.
             Slain by a soul eater (4 damage)
             ... summoned by a kobold demonologist
             ... in the Dungeon (Sprint IX: "|||||||||||||||||||||||||||||").
             The game lasted 00:03:05 (158 turns).

sircluck the Cleaver (Hill Orc Fighter)              Turns: 158, Time: 00:03:06

HP:   0/69 (71)     AC: 13    Str: 24    XL:     7   Next: 33%
MP:   3/9           EV: 10    Int:  8    God:    Uskayaw [*****.]
Gold: 0             SH:  6    Dex: 10    Spells: 6/6 levels left

rFire   . . .        n - +3 war axe (freeze)
rCold   . . .        c - +0 buckler
rNeg    . . .        q - +2 ring mail
rPois   .            (no helmet)
rElec   .            (no cloak)
rCorr   .            p - +0 pair of gloves
SInv    .            o - +0 pair of boots
Will    .....        (no amulet) Stlth
                     r - +2 ring of protection
HPRegen 0.31/turn    s - +3 ring of strength
MPRegen 0.11/turn

%: no teleportation
@: lightly drained
A: no striking features
a: Renounce Religion, Stomp, Line Pass, Grand Finale


You were in the Dungeon.
You worshipped Uskayaw.
Uskayaw was noncommittal.
You visited 1 branch

Inventory:

Hand Weapons
 a - a +0 war axe
 n - a +3 war axe of freezing (weapon)
Armour
 b - a +0 scale mail
 c - a +0 buckler (worn)
 o - a +0 pair of boots (worn)
 p - a +0 pair of gloves (worn)
 q - a +2 ring mail (worn)
Jewellery
 r - a +2 ring of protection (left hand)
 s - a +3 ring of strength (right hand)
Wands
 m - a wand of quicksilver (8)
Scrolls
 j - 2 scrolls of blinking
 l - 2 scrolls of amnesia
Potions
 d - a potion of might
 e - 5 potions of curing
 f - 3 potions of heal wounds
 g - a potion of haste
 h - 4 potions of magic
 i - a potion of berserk rage
 k - a potion of invisibility


   Skills:
 + Level 9.8 Fighting
 + Level 10.2 Axes
 + Level 9.0 Armour
 + Level 9.0 Shields
 + Level 2.9 Invocations


You had 6 spell levels left.
You didn't know any spells.
Your spell library was empty.

Dungeon Overview and Level Annotations

Branches:
Dungeon (1/1)

Altars:
Cheibriados
Dithmenos
Elyvilon
Fedhas
Gozag
Hepliaklqana
Kikubaaqudgha
Makhleb
Nemelex Xobeh
Okawaru
Qazlal
Ru
Sif Muna
Trog
Uskayaw
Vehumet
Wu Jian
Xom
Yredelemnul
Zin
The Shining One
Beogh
Jiyva
Lugonu


Message History

The kobold demonologist casts a cantrip, but nothing happens.
The soul eater draws from the surrounding life force!
Your life force feels restored.
Your Fighting skill increases to level 9!
Okay, then.
Aiming: Quicksilver Bolt
Press: ? - help, Q - select action, (/) - cycle Shift-Dir - straight line, f/p - two-headed ogre
Aim: a two-headed ogre, wielding a +0 giant spiked club and a +0 giant club (moderately wounded, 86% to hit)
The bolt of dispelling energy misses the soul eater.
The bolt of dispelling energy hits the kobold demonologist!
The kobold demonologist is heavily wounded.
The bolt of dispelling energy hits the yak!
The yak is almost dead.
The bolt of dispelling energy hits the yak!!
You kill the yak!
The bolt of dispelling energy hits the two-headed ogre!
The two-headed ogre is severely wounded.
The kobold demonologist gestures wildly while chanting.
The soul eater hits you!
* * * LOW HITPOINT WARNING * * *
You feel drained.
* * * LOW HITPOINT WARNING * * *
You can now merge with and destroy a victim.
Your life force feels restored.
Your Axes skill increases to level 10!
Your Armour skill increases to level 9!
Your Shields skill increases to level 9!
Your Invocations skill gained 2 levels and is now at level 2!
You have reached level 7!
Okay, then.
You hit the soul eater but do no damage.
The soul eater is severely wounded.
The soul eater draws from the surrounding life force!
* * * LOW HITPOINT WARNING * * *
The soul eater is healed.
You hit the soul eater but do no damage.
The soul eater is severely wounded.
The soul eater hits you!
* * * LOW HITPOINT WARNING * * *
You feel drained.
You die...

▓)▓
▓.▓
▓O▓
▓Y▓
▓K▓
▓4▓
▓3▓
▓@▓
▓.▓
▓.▓
▓.▓
▓.▓
▓.▓
▓)▓
▓.▓
▓.▓


You could see a soul eater (summoned), a two-headed ogre, an ice devil
(summoned), a kobold demonologist and a yak.

Vanquished Creatures
  A troll (D)
  A yak (D)
  An orc warrior (D)
  A scorpion (D)
  A hound (D)
  A gnoll (D)
  A white imp (D)
  2 worms (D)
  A dart slug (D)
  An endoplasm (D)
  A hobgoblin (D)
  A quokka (D)
13 creatures vanquished.

Notes
Turn   | Place    | Note
-------+----------+-------------------------------------------
     0 | D        | sircluck the Hill Orc Fighter began the quest for the Orb.
     0 | D        | Reached XP level 1. HP: 19/19 MP: 1/1
     6 | D        | Reached skill level 3 in Axes
     9 | D        | Reached skill level 4 in Axes
     9 | D        | Reached XP level 2. HP: 28/28 MP: 2/2
    20 | D        | Noticed a scorpion
    38 | D        | Reached skill level 5 in Fighting
    38 | D        | Reached XP level 3. HP: 19/36 MP: 3/3
    46 | D        | Reached skill level 5 in Axes
    46 | D        | Reached skill level 5 in Armour
    46 | D        | Reached skill level 5 in Shields
    46 | D        | Reached XP level 4. HP: 23/44 MP: 4/4
    58 | D        | Killed a scorpion
    59 | D        | Reached skill level 6 in Axes
    59 | D        | Reached XP level 5. HP: 22/51 MP: 5/5
    65 | D        | Found a roughly hewn altar of Beogh.
    65 | D        | Found a snail-covered altar of Cheibriados.
    65 | D        | Found a shadowy altar of Dithmenos.
    65 | D        | Found a white marble altar of Elyvilon.
    65 | D        | Found a blossoming altar of Fedhas.
    65 | D        | Found an opulent altar of Gozag.
    66 | D        | Found a hazy altar of Hepliaklqana.
    67 | D        | Found a viscous altar of Jiyva.
    68 | D        | Found an ancient bone altar of Kikubaaqudgha.
    69 | D        | Found a corrupted altar of Lugonu.
    74 | D        | Found a burning altar of Makhleb.
    75 | D        | Found a sparkling altar of Nemelex Xobeh.
    76 | D        | Found an iron altar of Okawaru.
    77 | D        | Found a stormy altar of Qazlal.
    78 | D        | Found a sacrificial altar of Ru.
    79 | D        | Found a shimmering blue altar of Sif Muna.
    80 | D        | Found a bloodstained altar of Trog.
    81 | D        | Found a hide-covered altar of Uskayaw.
    82 | D        | Found a radiant altar of Vehumet.
    83 | D        | Found an ornate altar of the Wu Jian Council.
    84 | D        | Found a shimmering altar of Xom.
    85 | D        | Found a basalt altar of Yredelemnul.
    86 | D        | Found a glowing silver altar of Zin.
    87 | D        | Found a glowing golden altar of the Shining One.
    91 | D        | Became a worshipper of Uskayaw the Reveller
   141 | D        | Noticed a two-headed ogre
   141 | D        | Noticed an orc warrior
   141 | D        | Noticed a yak
   141 | D        | Noticed a yak
   141 | D        | Noticed a kobold demonologist
   141 | D        | Noticed a troll
   142 | D        | Reached * piety under Uskayaw
   145 | D        | Reached ** piety under Uskayaw
   147 | D        | Killed a troll
   148 | D        | Reached skill level 9 in Axes
   148 | D        | Reached XP level 6. HP: 53/62 MP: 2/6
   148 | D        | Noticed a soul eater
   149 | D        | Reached *** piety under Uskayaw
   153 | D        | Reached **** piety under Uskayaw
   155 | D        | Killed an orc warrior
   156 | D        | Killed a yak
   156 | D        | Reached ***** piety under Uskayaw
   157 | D        | Reached skill level 10 in Axes
   157 | D        | Reached XP level 7. HP: 17/71 MP: 3/9
   157 | D        | Noticed an ice devil
   158 | D        | Slain by a soul eater

Illustrated notes

Levels and vault maps discovered:
D:        linesprint [early_d, line_temple, items_1, d_10, items_2, lair_1,
          lair_end, items_3, orc_1, orc_end, items_4, d_15, swamp_1, shoals_1,
          snake_1, spider_1, d_20, vaults_1, items_5, swamp_end, shoals_end,
          snake_end, spider_end, vaults_end, d_27, items_6, zot_1, zot_end,
          crypt_end, forest_end, elf_end, slime_end, tomb_end, abyss_end,
          pan_hell_end]

Skill      XL: |  1  2  3  4  5  6 |
---------------+-------------------+-----
Fighting       | 4 5 6 8 9 |  9.8
Axes           | 4 5 6 9 10 | 10.2
Armour         | 4 5 6 8 9 |  9.0
Shields        | 4 5 6 8 9 |  9.0
Invocations    | 2 |  2.9

Action                     |  1- 3 |  4- 6 |  7- 9 || total
---------------------------+-------+-------+-------++-------
  Melee: War axe           |    34 |    24 |     2 ||    60
 Invoke: Stomp             |       |     1 |       ||     1
  Evoke: Wand              |       |     2 |       ||     2
   Stab: Paralysed         |       |     1 |       ||     1
 Armour: Scale mail        |    13 |     2 |       ||    15
         Ring mail         |       |     5 |       ||     5
  Dodge: Dodged            |     9 |    13 |       ||    22
  Block: Buckler           |     9 |     6 |       ||    15

Table legend: (Time is in decaauts)
 A = Elapsed time spent in this place.
 B = Non-inter-level travel time spent in this place.
 C = Inter-level travel time spent in this place.
 D = Time resting spent in this place.
 E = Time spent auto-exploring this place.
 F = Levels seen in this place.
 G = Mean time per level.
                   A        B        C        D        E       F      G
               +--------+--------+--------+--------+--------+-----+--------+
         Total |    171 |    171 |      0 |      0 |      3 |   1 |  171.0 |
       Dungeon |    171 |    171 |      0 |      0 |      3 |   1 |  171.0 |
               +--------+--------+--------+--------+--------+-----+--------+

Top non-repeatable levels by time:
       D: 171 daAuts
